 Dungeon Crawl Stone Soup version 0.32-a0-468-g38b2580584 (webtiles) character file.

Game seed: 11999836133420056407

79 anacleto the Digger (level 4, -1/33 HPs)
             Began as a Draconian Earth Elementalist on Feb 25, 2024.
             Killed from afar by Robin (7 damage)
             ... with a puff of flame
             ... on level 2 of the Dungeon.
             The game lasted 00:04:04 (1825 turns).

anacleto the Digger (Draconian Earth Elementalist)  Turns: 1825, Time: 00:04:05

Health: -1/33      AC:  5    Str: 10    XL:     4   Next: 17%
Magic:  1/7        EV: 12    Int: 17    God:
Gold:   88         SH:  0    Dex: 12    Spells: 2/7 levels left

rFire   . . .        p - +1 dagger (flame)
rCold   . . .        (no shield)
rNeg    . . .        (body armour unavailable)
rPois   .            (helmet restricted)
rElec   .            (no cloak)
rCorr   .            (no gloves)
SInv    .            (no boots)
Will    .....        (no amulet)
Stlth   ++           (no ring)
HPRegen 0.25/turn    (no ring)
MPRegen 0.10/turn

%: no passive effects
@: no status effects
A: AC +5, unfitting armour, cold-blooded
a: no special abilities


You were on level 2 of the Dungeon.
You visited 1 branch of the dungeon, and saw 2 of its levels.

You collected 88 gold pieces.

Inventory:

Hand Weapons
 p - a +1 dagger of flaming (weapon)
Scrolls
 d - a scroll of fog {unknown}
 f - 2 scrolls of revelation {unknown}
 g - a scroll of enchant weapon {unknown}
 k - 4 scrolls of identify {unknown}
 l - a scroll of fear {unknown}
 n - a scroll of blinking {unknown}
 o - a scroll of enchant armour {unknown}
 q - a scroll of poison {unknown}
Potions
 a - a potion of magic
 b - a potion of ambrosia {unknown}
 c - 2 potions of degeneration {unknown}
 e - a potion of heal wounds {unknown}
 h - a potion of lignification {unknown}
 i - 2 potions of brilliance {unknown}
 j - 2 potions of invisibility {unknown}
 m - a potion of haste {unknown}


   Skills:
 + Level 2.1 Dodging
 + Level 2.3 Stealth
 + Level 2.3 Spellcasting
 * Level 2.1 Conjurations
 + Level 0.1 Hexes
 * Level 3.7 Earth Magic


You had 2 spell levels left.
You knew the following spells:

 Your Spells              Type           Power      Damage    Failure   Level
a - Sandblast             Erth           28%        2d8       4%          1
b - Stone Arrow           Conj/Erth      24%        3d8       17%         3
c - Slow                  Hex            8%         N/A       19%         1

Your spell library contained the following spells:

 Spells                   Type           Power      Damage    Failure   Level
 Mercury Vapours          Alch/Air       4%         N/A       28%         2
 Passwall                 Erth           14%        N/A       12%         3
 Mephitic Cloud           Conj/Alch/Air  4%         N/A       38%         3
 Confusing Touch          Hex            2%         N/A       47%         3
 Sigil of Binding         Hex            2%         N/A       47%         3
 Vampiric Draining        Necr           2%         2d6       50%         3
 Brom's Barrelling Bould  Conj/Erth      12%        2d4       50%         4
 Petrify                  Alch/Erth      8%         N/A       65%         4
 Freezing Cloud           Conj/Ice/Air   2%         6-21      98%         5


Dungeon Overview and Level Annotations

Branches:
Dungeon (2/15)

Altars:

Annotations:
D:2 Robin


Innate Abilities, Weirdness & Mutations

Your plain brown scales are hard. (AC +5)
You cannot fit into any form of body armour.
You are cold-blooded and may be slowed by cold attacks.


Message History

You hit the ball python. You burn the ball python.
You kill the ball python!
Robin zaps a wand.
The puff of flame hits you. The goblin hits you with a +0 dagger.
Your magical contamination has completely faded away.
The goblin attacks as it pursues you! The goblin barely misses you.
Robin throws the goblin at you! The goblin barely misses you.
You closely miss the goblin. Robin throws the goblin at you!
The goblin closely misses you. The goblin barely misses you.
You hit the goblin but do no damage. You tail-slap the goblin.
You kill the goblin!
Robin zaps a wand.
The puff of flame hits you! The goblin hits you but does no damage.
The goblin attacks as it pursues you! The goblin closely misses you.
Things that are here:
a +0 dagger; a goblin corpse You barely miss the goblin.
Your tail-slap misses the goblin.
The goblin hits you with a +0 dagger.
You closely miss the goblin. The goblin closely misses you.
You hit the goblin. You burn the goblin.
The goblin is severely wounded.
The goblin no longer looks unusually strong.
Robin throws the goblin at you! The goblin misses you.
You hit the goblin. You burn the goblin.
You kill the goblin!
You barely miss Robin. You tail-slap Robin, but do no damage.
Robin zaps a wand.
The puff of flame hits you.
* * * LOW HITPOINT WARNING * * *
Casting: Sandblast (safe; 4% risk of failure)
Confirm with . or Enter, or press ? or * to list all spells.
Aiming: Sandblast (safe; 4% risk of failure)
Press: ? - help, Shift-Dir - straight line, f - Robin
Aim: Robin, wielding a +1 mace of distortion, wearing a +0 animal skin, wearing a +0 helmet and carrying a wand of flame (87% to hit)
The blast of sand hits Robin.
Robin is heavily wounded.
Robin hits you but does no damage. Space warps around you.
* * * LOW HITPOINT WARNING * * *
Robin zaps a wand.
The puff of flame hits you!
You die...
Robin calls out, "Let's celebrate!
Time for a feast!"

..........
#........ .#..
#........ ###.
#......#+# ..#..
####......#.# ....#
......>...#.#......
#).....#.#.#...#
#@#..........#..
#g#.####.#..###.
#............#..
###.####.###...[
#....)g)......#
#.#.###.#####.#
#.#......g
####'#########
#........#


You could see Robin.

Vanquished Creatures
  A gnoll (D:1)
  2 adders
  3 ball pythons
  4 endoplasms
  A giant cockroach (D:1)
  12 goblins
  9 hobgoblins
  3 jackals (D:1)
  3 kobolds (D:1)
  5 frilled lizards
  3 rats (D:1)
46 creatures vanquished.

Notes
Turn   | Place    | Note
-------+----------+-------------------------------------------
     0 | D:1      | anacleto the Draconian Earth Elementalist began the quest
                  | for the Orb.
     0 | D:1      | Reached XP level 1. HP: 14/14 MP: 3/3
     2 | D:1      | Noticed a vampire
     4 | D:1      | Noticed a human
     4 | D:1      | Noticed a naga
     6 | D:1      | Noticed an oni
     8 | D:1      | Noticed a felid
     8 | D:1      | Noticed a draconian
    10 | D:1      | Noticed a demigod
    13 | D:1      | Noticed a formicid
    15 | D:1      | Noticed a dwarf
    15 | D:1      | Noticed an octopode
    17 | D:1      | Noticed a spriggan
    17 | D:1      | Noticed an armataur
    19 | D:1      | Noticed a merfolk
    19 | D:1      | Noticed a tengu
    21 | D:1      | Noticed a ghoul
    21 | D:1      | Noticed a gargoyle
    23 | D:1      | Noticed a minotaur
    23 | D:1      | Noticed an elf
    25 | D:1      | Noticed a djinni
    25 | D:1      | Noticed a demonspawn
    27 | D:1      | Noticed a barachi
    27 | D:1      | Noticed a troll
    29 | D:1      | Noticed a vine stalker
   140 | D:1      | Reached XP level 2. HP: 20/20 MP: 1/5
   526 | D:1      | Reached XP level 3. HP: 20/26 MP: 1/6
   584 | D:1      | Learned a level 3 spell: Stone Arrow
  1540 | D:2      | Learned a level 1 spell: Slow
  1723 | D:2      | Reached XP level 4. HP: 33/33 MP: 5/7
  1741 | D:2      | Found Hoinkah's Magic Scroll Shoppe.
  1802 | D:2      | Noticed Robin
  1825 | D:2      | Killed from afar by Robin

Illustrated notes

Levels and vault maps discovered:
D:1:      kb_arrival_jail, layout_basic
D:2:      layout_basic, serial_shops, shop, minmay_strange_pillars,
          kennysheep_generic_room_4, uniq_robin

Skill      XL: |  1  2  3 |
---------------+----------+-----
Stealth        | 2 |  2.3
Dodging        | 2 |  2.1
Conjurations   | 2 |  2.1
Spellcasting   | |  2.3
Hexes          | |  0.1
Earth Magic    | |  3.7

Action                     |  1- 3 |  4- 6 || total
---------------------------+-------+-------++-------
  Melee: Unarmed           |     1 |       ||     1
         Dagger            |       |    12 ||    12
         Tailslap          |       |     2 ||     2
   Cast: Sandblast         |    54 |     8 ||    62
 Armour: Skin              |    37 |    13 ||    50
  Dodge: Dodged            |    45 |    15 ||    60

Table legend: (Time is in decaauts)
 A = Elapsed time spent in this place.
 B = Non-inter-level travel time spent in this place.
 C = Inter-level travel time spent in this place.
 D = Time resting spent in this place.
 E = Time spent auto-exploring this place.
 F = Levels seen in this place.
 G = Mean time per level.
                   A        B        C        D        E       F      G
               +--------+--------+--------+--------+--------+-----+--------+
         Total |   1855 |   1794 |     61 |    238 |   1170 |   2 |  927.5 |
       Dungeon |   1855 |   1794 |     61 |    238 |   1170 |   2 |  927.5 |
               +--------+--------+--------+--------+--------+-----+--------+

Top non-repeatable levels by time:
     D:1: 1464 daAuts
     D:2: 391 daAuts
